 Dungeon Crawl Stone Soup version 0.31-a0-431-g88bdf31460 (webtiles) character file.

Game seed: 14088736192652641298

57 Dirtsage the Changeling (level 4, 0/28 HPs)
             Began as an Octopode Shapeshifter on Aug 1, 2023.
             Slain by an orc
             ... wielding a +0 club
              (4 damage)
             ... on level 3 of the Dungeon.
             The game lasted 00:02:48 (1567 turns).

Dirtsage the Changeling (Octopode Shapeshifter)     Turns: 1567, Time: 00:02:49

Health: 0/28       AC:  1    Str: 16    XL:     4   Next: 0%
Magic:  13/13      EV: 13    Int: 10    God:
Gold:   96         SH:  0    Dex: 12    Spells: 3/3 levels left

rFire   . .          .
                       - Unarmed
rCold   . . .        (no shield)
rNeg    . . .        (helmet currently unavailable)
rPois   .            (no amulet)
rElec   .            j - ring of magical power
rCorr   .            (no ring)
SInv    .            (no ring)
Will    .....        (no ring)
Stlth   ++           (no ring)
HPRegen 0.24/turn    (no ring)
MPRegen 0.13/turn    (no ring)
                     (no ring)

%: no passive effects
@: beast-form
A: beast (slay +3), almost no armour, amphibious, 8 rings, camouflage 1,
gelatinous body 1, (nimble swimmer 1), tentacles
a: Begin Untransformation


You were on level 3 of the Dungeon.
You were a hulking beast.
You visited 1 branch of the dungeon, and saw 3 of its levels.

You collected 96 gold pieces.

Inventory:

Jewellery
 j - a ring of magical power (left tentacle)
Talismans
 b - a beast talisman (active)
 q - a talisman of death
Scrolls
 c - 3 scrolls of identify {unknown}
 g - a scroll of teleportation {unknown}
 h - 2 scrolls of silence {unknown}
 i - a scroll of fear {unknown}
 l - a scroll of amnesia {unknown}
 n - a scroll of fog {unknown}
Potions
 a - a potion of lignification
 d - a potion of mutation {unknown}
 e - a potion of haste {unknown}
 f - a potion of enlightenment {unknown}
 k - a potion of invisibility {unknown}
 m - a potion of might {unknown}
 o - a potion of curing {unknown}
 p - a potion of attraction {unknown}


   Skills:
 - Level 1.0 Fighting
 - Level 2.0 Dodging
 - Level 3.0 Unarmed Combat
 + Level 4.3 Shapeshifting


You had 3 spell levels left.
You didn't know any spells.
Your spell library was empty.

Dungeon Overview and Level Annotations

Branches:
Dungeon (3/15)

Altars:
Qazlal


Innate Abilities, Weirdness & Mutations

You are a hulking beast.
Your limbs bulge with bestial killing power. (Slay +3)
You cannot wear most types of armour.
You are amphibious.
You can wear up to eight rings at the same time.
Your skin changes colour to match your surroundings (Stealth+).
Your rubbery body absorbs attacks. (AC +1, EV +1)
((You are camouflaged when in or above water. (Stealth+)))
You have tentacles for arms and can constrict up to eight enemies at once.


Message History

The orc shouts! x2
The endoplasm quivers.
The orc moves out of view.
A bat comes into view.
The orc hits you with a +0 club.
The orc priest shouts!
You see here a +0 rapier.
You take 3 damage, and have 25/28 hp.
You closely miss the orc priest. You grab the orc priest.
You squeeze the orc priest.
The orc priest is moderately wounded.
You constrict the orc priest, but do no damage.
You tentacle-slap the orc priest but do no damage.
The orc priest is moderately wounded.
You constrict the orc priest, but do no damage.
The orc sings a few bars from the Orcish anthem.
The orc closely misses you. The orc priest barely misses you.
The orc hits you with a +0 club.
You take 2 damage, and have 23/28 hp.
You tentacle-slap the orc priest.
You tentacle-slap the orc priest, but do no damage.
The orc priest is heavily wounded.
You constrict the orc priest. The orc barely misses you.
The orc priest invokes the aid of Beogh against you.
Pain shoots through your body! The orc hits you with a +0 club.
You take 13 damage, and have 10/28 hp.
MASSIVE DAMAGE!!
You tentacle-slap the orc priest.
The orc priest is almost dead.
You constrict the orc priest. The orc misses you.
The orc priest hits you with a +0 short sword!
* * * LOW HITPOINT WARNING * * *
The orc closely misses you.
You take 6 damage, and have 4/28 hp.
MASSIVE DAMAGE!!
Unknown command.
You tentacle-slap the orc priest but do no damage.
The orc priest is almost dead.
You constrict the orc priest.
You kill the orc priest!
The orc closely misses you. The orc hits you with a +0 club.
You die...

#.#.#.##
#.#....
####.#...#
#..#.#...
#..#.#(.#
#..#.#..#
#..#.#..#
#<....J.#
######h.#
...?.bo)o#
#######.##
#.# #..
###


You could see 2 orcs, an endoplasm and a bat.

Vanquished Creatures
  An orc priest (D:3)
  2 adders (D:2)
  2 dart slugs
  A bat (D:1)
  7 endoplasms
  3 goblins
  4 hobgoblins (D:1)
  4 ball pythons
  5 frilled lizards
  2 kobolds (D:1)
  5 rats
36 creatures vanquished.

Notes
Turn   | Place    | Note
-------+----------+-------------------------------------------
     0 | D:1      | Dirtsage the Octopode Shapeshifter began the quest for the
                  | Orb.
     0 | D:1      | Reached XP level 1. HP: 13/13 MP: 1/1
   364 | D:1      | Reached XP level 2. HP: 13/18 MP: 2/2
   864 | D:2      | Reached XP level 3. HP: 22/23 MP: 3/3
   910 | D:2      | Reached skill level 4 in Shapeshifting
  1420 | D:2      | Found a stormy altar of Qazlal.
  1449 | D:2      | Reached XP level 4. HP: 20/28 MP: 4/4
  1567 | D:3      | Slain by an orc

Illustrated notes

Levels and vault maps discovered:
D:1:      reono_arrival_forest_river, layout_loops_ring
D:2:      layout_basic, basic_altar, kennysheep_generic_room_3
D:3:      layout_basic

Skill      XL: |  1  2  3 |
---------------+----------+-----
Shapeshifting  | 4 |  4.3
Fighting       | |  1.0
Dodging        | |  2.0
Unarmed Combat | |  3.0

Action                     |  1- 3 |  4- 6 || total
---------------------------+-------+-------++-------
  Melee: Unarmed           |    65 |     5 ||    70
         Constrict         |    12 |     1 ||    13
         Tentacles         |     7 |     1 ||     8
         Punch             |     1 |     1 ||     2
   Stab: Sleeping          |     8 |       ||     8
 Armour: Skin              |     4 |       ||     4
  Dodge: Dodged            |    22 |     6 ||    28

Table legend: (Time is in decaauts)
 A = Elapsed time spent in this place.
 B = Non-inter-level travel time spent in this place.
 C = Inter-level travel time spent in this place.
 D = Time resting spent in this place.
 E = Time spent auto-exploring this place.
 F = Levels seen in this place.
 G = Mean time per level.
                   A        B        C        D        E       F      G
               +--------+--------+--------+--------+--------+-----+--------+
         Total |   1561 |   1496 |     65 |      0 |   1284 |   3 |  520.3 |
       Dungeon |   1561 |   1496 |     65 |      0 |   1284 |   3 |  520.3 |
               +--------+--------+--------+--------+--------+-----+--------+

Top non-repeatable levels by time:
     D:1: 838 daAuts
     D:2: 714 daAuts
     D:3: 9 daAuts
